 Dungeon Crawl Stone Soup version 0.31-a0-370-g25055926c8 (webtiles) character file.

Game seed: 9851218759520236842

16 Bnni the Shooter (level 2, 18/18 HPs)
             Began as a Tengu Hunter on July 29, 2023.
             Was a Follower of Kikubaaqudgha.
             Quit the game on level 1 of the Dungeon.
             The game lasted 00:01:04 (349 turns).

Bnni the Shooter (Tengu Hunter)                      Turns: 349, Time: 00:01:05

Health: 18/18      AC:  3    Str: 11    XL:     2   Next: 58%
Magic:  3/3        EV: 12    Int:  9    God:    Kikubaaqudgha [*.....]
Gold:   0          SH:  0    Dex: 17    Spells: 1/1 levels left

rFire   . . .        a - +0 shortbow
rCold   . . .        (shield currently unavailable)
rNeg    . . .        c - +0 leather armour
rPois   .            (helmet restricted)
rElec   .            (no cloak)
rCorr   .            (no gloves)
SInv    .            (boots unavailable)
Will    .....        (no amulet)
Stlth   ++           (no ring)
HPRegen 0.23/turn    (no ring)
MPRegen 0.08/turn

%: no passive effects
@: no status effects
A: beak, talons 3
a: Renounce Religion, Unearth Wretches


You were on level 1 of the Dungeon.
You worshipped Kikubaaqudgha.
Kikubaaqudgha was aware of your devotion.
You visited 1 branch of the dungeon, and saw 1 of its levels.

Inventory:

Hand Weapons
 a - a +0 shortbow (weapon)
Armour
 c - a +0 leather armour (worn)
Scrolls
 b - a scroll of butterflies
 d - a scroll of enchant weapon {unknown}
 g - a scroll of identify {unknown}
Potions
 e - 2 potions of lignification {unknown}
 f - a potion of haste {unknown}


   Skills:
 + Level 2.3 Fighting
 * Level 4.9 Ranged Weapons
 - Level 2.1 Dodging
 - Level 1.0 Stealth


You had one spell level left.
You didn't know any spells.
Your spell library contained the following spells:

 Spells                   Type           Power      Damage    Failure   Level
 Kiss of Death            Conj/Necr      0%         2d5       47%         1
 Necrotise                Necr           0%         1d4       47%         1
 Blink                    Tloc           0%         N/A       63%         2
 Lesser Beckoning         Tloc           0%         N/A       63%         2
 Momentum Strike          Conj/Tloc      0%         3d8       63%         2
 Sublimation of Blood     Necr           0%         N/A       63%         2
 Animate Dead             Necr           0%         N/A       99%         4


Dungeon Overview and Level Annotations

Branches:
Dungeon (1/15)

Altars:
Kikubaaqudgha


Innate Abilities, Weirdness & Mutations

You have a beak for a mouth.
You have claws for feet.


Message History

You kill the kobold!
Things that are here:
a +0 antimagic dagger; a kobold corpse No target in view!
You pick up a book of Spatial Translocations and begin reading...
You add the spells Blink, Momentum Strike and Lesser Beckoning to your library.
No target in view!
A quokka comes into view.
You shoot an arrow. The arrow hits the quokka.
You kill the quokka!
No target in view!
No target in view!
Found a faded altar of an unknown god.
No target in view!
Found a scroll labelled ETISEL ETIEQY.
An endoplasm comes into view.
Found a scroll labelled ETISEL ETIEQY.
Your line of fire to the endoplasm is blocked by a granite statue.
No target in view!
No target in view!
No target in view!
The endoplasm quivers.
You shoot an arrow. The arrow hits the endoplasm.
The endoplasm is almost dead.
You shoot an arrow. The arrow hits the endoplasm.
You kill the endoplasm!
No target in view!
No target in view!
There is an empty arch of ancient stone here.
Found a short sword.
g - a scroll labelled ETISEL ETIEQY
There is an empty arch of ancient stone here.
There is a faded altar of an unknown god here.
This altar belongs to (a) Lugonu, (b) Kikubaaqudgha or (c) Okawaru, but you can't tell which.
Press the corresponding letter to learn more about a god, or press enter to convert or escape to cancel.
Kikubaaqudgha accepts your prayer! Kikubaaqudgha welcomes you!
You can now bring forth the wretched and dying.
Kikubaaqudgha grants you a gift!
You add the spells Kiss of Death, Necrotise, Sublimation of Blood and Animate Dead to your library.
Are you sure you want to abandon this character and quit the game? (Confirm with "yes".)

#. ## ##### #. )
.....# .###?###.#.#
#.# #...#...#.. #.#
#..8.⌠#####.#########
#.8..###............#
#...#∩#⌠#.#.#######.#
#.#⌠#@#...##.## #.#
#..###..8.#...######.#
##. #⌠.8..#.#.........
....#...#..........†.
#####.###.##.#.#####.#
... ####...# #.# ####
##### #.# #.. ###


There were no monsters in sight!

Vanquished Creatures
  2 dart slugs (D:1)
  2 ball pythons (D:1)
  An endoplasm (D:1)
  2 hobgoblins (D:1)
  A quokka (D:1)
  A frilled lizard (D:1)
  A kobold (D:1)
  3 rats (D:1)
13 creatures vanquished.

Notes
Turn   | Place    | Note
-------+----------+-------------------------------------------
     0 | D:1      | Bnni the Tengu Hunter began the quest for the Orb.
     0 | D:1      | Reached XP level 1. HP: 12/12 MP: 2/2
    92 | D:1      | Reached XP level 2. HP: 17/17 MP: 3/3
   334 | D:1      | Found a faded altar of an unknown god.
   348 | D:1      | Prayed at the altar of an unknown god.
   348 | D:1      | Became a worshipper of Kikubaaqudgha
   348 | D:1      | Reached * piety under Kikubaaqudgha
   348 | D:1      | Received a gift from Kikubaaqudgha
   349 | D:1      | Quit the game

Illustrated notes

Levels and vault maps discovered:
D:1:      dpeg_arrival_rooms_with_view, layout_loops_ring,
          shapermc_ecumenical_altar_venn, serial_shops, nicolae_shop_mannequins

Action                     || total
---------------------------++-------
   Fire: Shortbow          ||    30
 Armour: Leather armour    ||     1
  Dodge: Dodged            ||     2

Table legend: (Time is in decaauts)
 A = Elapsed time spent in this place.
 B = Non-inter-level travel time spent in this place.
 C = Inter-level travel time spent in this place.
 D = Time resting spent in this place.
 E = Time spent auto-exploring this place.
 F = Levels seen in this place.
 G = Mean time per level.
                   A        B        C        D        E       F      G
               +--------+--------+--------+--------+--------+-----+--------+
         Total |    355 |    355 |      0 |      0 |    282 |   1 |  355.0 |
       Dungeon |    355 |    355 |      0 |      0 |    282 |   1 |  355.0 |
               +--------+--------+--------+--------+--------+-----+--------+

Top non-repeatable levels by time:
     D:1: 355 daAuts
